 Dungeon Crawl Stone Soup version 0.29.1-1-gd02db6906a (webtiles) character file.

Game seed: 11353421874205778334

20904 hawla the Scorcher (level 13, 0/96 HPs)
             Began as a Meteoran Fire Elementalist on Oct 11, 2022.
             Was a High Priest of Vehumet.
             Slain by a hell knight
             ... wielding a +2 scimitar of flaming
              (1 damage)
             ... in a volcano.
             The game lasted 00:44:13 (7822 turns).

hawla the Scorcher (Meteoran Fire Elementalist)     Turns: 7822, Time: 00:44:14

Health: 0/96       AC:  6    Str: 11    XL:     13   Next: 46%
Magic:  21/42      EV: 15    Int: 20    God:    Vehumet [*****.]
Gold:   753        SH:  6    Dex: 16    Spells: 21/43 levels left

rFire   + . .      SeeInvis .   w - staff of cold
rCold   + . .      Faith    .   x - +1 buckler
rNeg    . . .      Spirit   .   a - +1 robe
rPois   .          Reflect  .   F - +0 helmet
rElec   .          Harm     .   p - scarf {repulsion}
rCorr   .          Rampage  .   (no gloves)
Will    +....                   s - +1 pair of boots
Stlth   +.........              l - amulet of the acrobat
HPRegen 0.26/turn               J - ring of protection from fire
MPRegen 0.28/turn               C - ring of magical power

@: freezing walls, very slightly contaminated, glowing, studying Fire Magic,
repel missiles
A: sense surroundings 2, otherworldly, glowing, explore regen
a: Renounce Religion


You were in a volcano.
You worshipped Vehumet.
Vehumet was extremely pleased with you.
You visited 3 branches of the dungeon, and saw 15 of its levels.
You also visited: Sewer and Volcano.

You collected 753 gold pieces.

Inventory:

Armour
 a - a +1 robe (worn)
 p - a scarf of repulsion (worn)
 s - a +1 pair of boots (worn)
 x - a +1 buckler (worn)
 F - a +0 helmet (worn)
Magical Staves
 w - a staff of cold (weapon)
Jewellery
 l - an amulet of the acrobat (around neck)
 n - a +4 ring of protection
 u - a +6 ring of strength
 C - a ring of magical power (right hand)
 J - a ring of protection from fire (left hand)
Wands
 g - a wand of acid (4) (quivered)
 i - a wand of iceblast (18)
 z - a wand of flame (29)
 H - a wand of paralysis (6)
Scrolls
 f - 2 scrolls of teleportation
 o - a scroll of enchant armour
 r - 2 scrolls of amnesia
 t - 6 scrolls of identify
 y - 3 scrolls of torment {unknown}
 A - a scroll of magic mapping
 D - a scroll of fear {unknown}
 G - a scroll of summoning
Potions
 b - 2 potions of cancellation {unknown}
 c - 3 potions of curing
 d - a potion of magic
 e - 4 potions of berserk rage
 h - a potion of flight
 j - 5 potions of mutation {unknown}
 k - a potion of might
 m - a potion of attraction
 q - 4 potions of haste {unknown}
 v - a potion of ambrosia
 I - a potion of resistance {unknown}
Miscellaneous
 B - a box of beasts
 E - a lightning rod (4/4)


   Skills:
 + Level 3.8 Fighting
 + Level 0.2 Staves
 + Level 7.1 Dodging
 - Level 1.4 Stealth
 + Level 2.9 Shields
 + Level 15.7 Spellcasting
 + Level 8.2 Conjurations
 + Level 2.8 Necromancy
 + Level 16.4 Fire Magic
 + Level 4.4 Ice Magic
 + Level 2.0 Evocations


You had 21 spell levels left.
You knew the following spells:

 Your Spells              Type           Power      Damage    Failure   Level
a - Foxfire               Conj/Fire      100%       2x1d9     1%          1
b - Scorch                Fire           100%       2d10      0%          2
c - Vampiric Draining     Necr           27%        2d7       4%          3
d - Flame Wave            Conj/Fire      60%        2d14      1%          4
e - Frozen Ramparts       Ice            100%       1d16      1%          3
f - Irradiate             Conj/Tmut      16%        3d17      7%          5
g - Olgreb's Toxic Radia  Pois           15%        N/A       13%         4

Your spell library contained the following spells:

 Spells                   Type           Power      Damage    Failure   Level
 Magic Dart               Conj           100%       1d8       1%          1
 Necrotise                Necr           100%       1d9       1%          1
 Searing Ray              Conj           96%        2d7       1%          2
 Conjure Flame            Conj/Fire      60%        6-21      1%          3
 Inner Flame              Hex/Fire       48%        N/A       1%          3
 Fulminant Prism          Conj/Hex       16%        3d11      2%          4
 Ensorcelled Hibernation  Hex/Ice        72%        N/A       3%          2
 Passwall                 Tmut/Erth      12%        N/A       8%          2
 Swiftness                Air            15%        N/A       16%         3
 Tukima's Dance           Hex            15%        N/A       16%         3
 Yara's Violent Unravell  Hex/Tmut       7%         3d5       32%         5
 Agony                    Necr           27%        N/A       41%         5
 Passage of Golubria      Tloc           15%        N/A       45%         4


Dungeon Overview and Level Annotations

Branches:
Dungeon (11/15) Zot: 626   Temple (1/1) D:5 Zot: 433    Lair (4/5) D:11 Zot: 581
  Swamp (0/4) Lair:2       Spider (0/4) Lair:3        Slime (0/5) Lair:4
  Sewer (visited)         Volcano (1/1) Zot: 442
    Orc: D:9-12

Altars:
Cheibriados
Dithmenos
Elyvilon
Fedhas
Gozag
Hepliaklqana
Makhleb
Nemelex Xobeh
Qazlal
Ru
Sif Muna
Trog
Uskayaw
Vehumet
Wu Jian
Xom
Yredelemnul
Zin
The Shining One

Shops:
D:1 !

Annotations:
D:3 warriortoast's ghost, amateur DECj
D:9 Amaemon


Innate Abilities, Weirdness & Mutations

You passively map the area around you.
You are easily found by Zot.
You glow in the dark.
You regain HP and MP as you explore.


Message History

Aiming: Vampiric Draining (mildly dangerous; 4% risk of failure)
Press: ? - help, Shift-Dir - straight line, f - centaur
Aim: a centaur, wielding a +1 shortbow of flaming (lightly wounded)
You draw life force from the centaur!
You feel life coursing into your body.
The wall freezes the centaur.
The centaur unwields a +1 shortbow of flaming.
It stops flaming.
The centaur hits you.
* * * LOW HITPOINT WARNING * * *
The centaur kicks you.
* * * LOW HITPOINT WARNING * * *
The wall freezes the hell knight but does no damage.
The hell knight hits you with a +2 scimitar of flaming.
* * * LOW HITPOINT WARNING * * *
The wall freezes the centaur warrior.
You block the centaur warrior's attack. The centaur warrior kicks you.
* * * LOW HITPOINT WARNING * * *
The wall freezes the yaktaur!
The wall freezes the hell knight.
The hell knight mumbles some strange prayers to its god against you.
The bolt of fire misses you.
The wall freezes the centaur warrior.
You block the centaur warrior's attack.
The centaur warrior kicks you but does no damage.
The wall freezes the centaur!
You kill the centaur!
Vehumet accepts your kill.
You feel your power returning.
Casting: Vampiric Draining (mildly dangerous; 4% risk of failure)
Confirm with . or Enter, or press ? or * to list all spells.
Aiming: Vampiric Draining (mildly dangerous; 4% risk of failure)
Press: ? - help, Shift-Dir - straight line, f - centaur warrior
Aim: a centaur warrior (almost dead, poisoned)
You draw life force from the centaur warrior!
You kill the centaur warrior!
Vehumet accepts your kill.
You feel your power returning.
You feel life coursing into your body.
The air gets thick with the scent of sulphur.
The wall freezes the hell knight.
The hell knight hits you with a +2 scimitar of flaming!
* * * LOW HITPOINT WARNING * * *
The hell knight burns you.
You die...

, ,, , ,, ..
, .. ,...*
*+ * ...
...# , #...
#..# ,, #..#
* * *#..#
#..#* * *
#..###..#
#cp∩).# *,
,* , *#)@)#
* ##'## *
#.# ,, *
##.##
#8.8###.§ ,
* #...#...§~
, *
##...§..≈≈§~
#...§.§≈≈≈≈
#....§§§≈≈≈
~ ,,


You could see a hell knight (fast, poisoned) and a yaktaur (very poisoned).

Vanquished Creatures
  3 hydras (Lair:1)
  2 two-headed ogres
  A centaur warrior (Volcano)
  5 cane toads
  An orange demon (D:9)
  2 rime drakes
  5 komodo dragons
  An unseen horror (D:11)
  A meliai (Lair:3)
  A troll (D:9)
  6 blink frogs
  3 wyverns
  7 fire bats (Volcano)
  28 yaks
  3 basilisks
  An acid dragon (D:11)
  13 water moccasins
  A hell hound (Lair:4)
  3 orc warriors
  An ice beast (D:5)
  2 wolves (D:11)
  2 ogres (D:5)
  8 centaurs
  A phantom (D:5)
  A kobold brigand (D:9)
  3 necrophages
  Blork the orc (D:5)
  A gnoll sergeant (D:11)
  10 bullfrogs
  5 scorpions
  6 wights (D:9)
  13 killer bees
  3 electric eels (D:11)
  A vampire bat (D:6)
  A howler monkey (D:6)
  6 lava snakes (Volcano)
  2 jellies
  6 hounds
  8 orc priests
  6 orc wizards
  Ijyb (D:3)
  An iguana (D:6)
  A mummy (D:5)
  10 gnolls
  13 adders
  3 shadow imps
  2 ufetubi
  2 worms
  2 dart slugs
  41 orcs
  7 ball pythons
  11 endoplasms
  5 giant cockroaches
  9 goblins
  6 hobgoblins
  14 jackals
  5 quokkas
  12 bats
  4 frilled lizards
  A hobgoblin zombie (D:5)
  13 kobolds
  3 orc zombies (D:5)
  6 rats
346 creatures vanquished.

Vanquished Creatures (collateral kills)
  A wolf (D:11)
1 creature vanquished.

Vanquished Creatures (others)
  A centaur (Volcano)
  312 foxfires
  8 fungi
  15 plants
336 creatures vanquished.

Grand Total: 683 creatures vanquished

Notes
Turn   | Place    | Note
-------+----------+-------------------------------------------
     0 | D:1      | hawla the Meteoran Fire Elementalist began the quest for
                  | the Orb.
     0 | D:1      | Reached XP level 1. HP: 14/14 MP: 5/5
    18 | D:1      | Reached XP level 2. HP: 20/20 MP: 1/6
    21 | D:1      | Learned a level 2 spell: Scorch
    29 | D:1      | Reached skill level 4 in Fire Magic
   268 | D:1      | Found Hyigays's Distillery.
   394 | D:1      | Reached XP level 3. HP: 26/26 MP: 5/8
   500 | D:1      | Glimpsed the power of Zot.
   614 | D:2      | Reached XP level 4. HP: 18/33 MP: 0/10
   862 | D:2      | Learned a level 2 spell: Searing Ray
  1032 | D:2      | Reached skill level 5 in Fire Magic
  1049 | D:2      | Reached XP level 5. HP: 21/38 MP: 2/11
  1100 | D:2      | Glimpsed the power of Zot.
  1338 | D:3      | Found a runed translucent door.
  1339 | D:3      | Noticed warriortoast's ghost (amateur DECj)
  1354 | D:3      | Noticed Ijyb
  1482 | D:3      | Learned a level 4 spell: Flame Wave
  1591 | D:3      | Reached XP level 6. HP: 24/46 MP: 2/13
  1654 | D:2      | Reached skill level 6 in Fire Magic
  1699 | D:2      | Found a faded altar of an unknown god.
  1700 | D:2      | Glimpsed the power of Zot.
  1727 | D:3      | Killed Ijyb
  1750 | D:3      | Glimpsed the power of Zot.
  2301 | D:4      | Glimpsed the power of Zot.
  2330 | D:5      | Entered Level 5 of the Dungeon
  2385 | D:5      | Reached XP level 7. HP: 51/51 MP: 8/14
  2396 | D:5      | Reached skill level 7 in Fire Magic
  2518 | D:5      | Found a staircase to the Ecumenical Temple.
  2535 | Temple   | Entered the Ecumenical Temple
  2692 | Temple   | Became a worshipper of Vehumet
  2702 | D:5      | Noticed Blork the orc
  2709 | D:5      | Killed Blork the orc
  2712 | D:5      | Reached skill level 8 in Fire Magic
  2735 | D:5      | Noticed a water moccasin
  2812 | D:5      | Killed a water moccasin
  2813 | D:5      | Reached XP level 8. HP: 49/58 MP: 12/15
  2877 | D:5      | Reached skill level 5 in Spellcasting
  3067 | D:5      | Glimpsed the power of Zot.
  3117 | D:5      | Glimpsed the power of Zot.
  3157 | D:5      | Glimpsed the power of Zot.
  3174 | D:6      | Reached skill level 9 in Fire Magic
  3325 | D:6      | Gained mutation: You passively map the area around you.
                  | [Meteoran growth]
  3325 | D:6      | Reached XP level 9. HP: 56/63 MP: 1/20
  3325 | D:6      | Reached * piety under Vehumet
  3325 | D:6      | Offered knowledge of Freeze by Vehumet.
  3326 | D:6      | Reached skill level 5 in Conjurations
  3409 | D:6      | Reached skill level 10 in Fire Magic
  3577 | D:6      | Found a glowing drain.
  3585 | Sewer    | Entered a sewer
  3591 | Sewer    | Learned a level 3 spell: Vampiric Draining
  3785 | D:6      | Glimpsed the power of Zot.
  3918 | D:5      | Offered knowledge of Poisonous Vapours by Vehumet.
  3963 | D:5      | Reached ** piety under Vehumet
  4383 | D:5      | Glimpsed the power of Zot.
  4433 | D:6      | Glimpsed the power of Zot.
  4473 | D:6      | Glimpsed the power of Zot.
  4476 | D:7      | Found a bloodstained altar of Trog.
  4481 | D:7      | Reached skill level 1 in Ice Magic
  4481 | D:7      | Reached skill level 1 in Evocations
  4481 | D:7      | Reached XP level 10. HP: 67/70 MP: 17/23
  4481 | D:7      | Found a shadowy altar of Dithmenos.
  4483 | D:7      | Touched by the power of Zot.
  4483 | D:7      | Found a basalt altar of Yredelemnul.
  4483 | D:7      | Found a shimmering blue altar of Sif Muna.
  4483 | D:7      | Found an ornate altar of the Wu Jian Council.
  4483 | D:7      | Found a burning altar of Makhleb.
  4483 | D:7      | Found a white marble altar of Elyvilon.
  4490 | D:7      | Reached skill level 1 in Fighting
  4584 | D:7      | Glimpsed the power of Zot.
  4634 | D:7      | Glimpsed the power of Zot.
  4658 | D:8      | Noticed a two-headed ogre
  4665 | D:8      | Killed a two-headed ogre
  4666 | D:8      | Reached skill level 11 in Fire Magic
  4854 | D:8      | Reached skill level 10 in Spellcasting
  5183 | D:8      | Glimpsed the power of Zot.
  5208 | D:9      | Offered knowledge of Ignite Poison by Vehumet.
  5360 | D:9      | Noticed an orange demon
  5370 | D:9      | Killed an orange demon
  5371 | D:9      | Reached skill level 5 in Dodging
  5371 | D:9      | Reached XP level 11. HP: 74/80 MP: 6/26
  5375 | D:9      | Noticed Amaemon
  5456 | D:9      | Reached *** piety under Vehumet
  5461 | D:9      | Reached skill level 12 in Fire Magic
  5581 | D:9      | You fall into a shaft and drop 2 floors!
  5591 | D:11     | Noticed a five-headed hydra
  5618 | D:11     | Noticed a two-headed ogre
  5653 | D:11     | Found a staircase to the Lair.
  5665 | D:11     | Killed a two-headed ogre
  5666 | D:11     | Reached skill level 1 in Shields
  5676 | D:11     | Offered knowledge of Frozen Ramparts by Vehumet.
  5694 | D:11     | Learned a level 3 spell: Frozen Ramparts
  5856 | Lair:1   | Entered Level 1 of the Lair of Beasts
  5889 | Lair:1   | Reached skill level 13 in Fire Magic
  5952 | Lair:1   | Noticed a four-headed hydra
  5959 | Lair:1   | Killed a four-headed hydra
  6111 | Lair:1   | Reached XP level 12. HP: 85/89 MP: 13/29
  6120 | Lair:1   | Noticed a six-headed hydra
  6130 | Lair:1   | Killed a six-headed hydra
  6157 | Lair:1   | Reached skill level 14 in Fire Magic
  6274 | Lair:1   | Noticed a six-headed hydra
  6282 | Lair:1   | Killed a six-headed hydra
  6345 | Lair:1   | Glimpsed the power of Zot.
  6374 | Lair:2   | Reached **** piety under Vehumet
  6389 | Lair:2   | Offered knowledge of Irradiate by Vehumet.
  6390 | Lair:2   | Reached skill level 15 in Fire Magic
  6402 | Lair:2   | Reached XP level 13. HP: 83/96 MP: 16/32
  6496 | Lair:2   | Found a staircase to the Swamp.
  6946 | Lair:2   | Glimpsed the power of Zot.
  6964 | Lair:3   | Found a hole to the Spider Nest.
  7244 | Lair:3   | Reached skill level 15 in Spellcasting
  7453 | Lair:3   | Reached skill level 16 in Fire Magic
  7547 | Lair:3   | Glimpsed the power of Zot.
  7650 | Lair:4   | Found a dark tunnel.
  7662 | Lair:4   | Learned a level 5 spell: Irradiate
  7666 | Volcano  | Entered a volcano
  7784 | Volcano  | Reached ***** piety under Vehumet
  7796 | Volcano  | Offered knowledge of Olgreb's Toxic Radiance by Vehumet.
  7802 | Volcano  | Learned a level 4 spell: Olgreb's Toxic Radiance
  7812 | Volcano  | Noticed a centaur warrior
  7822 | Volcano  | Killed a centaur warrior
  7822 | Volcano  | HP: 1/96 [hell knight/+2 scimitar of flaming (14)]
  7822 | Volcano  | Slain by a hell knight

Illustrated notes

Levels and vault maps discovered:
D:1:      spicycebolla_arrival_xxxplode, layout_basic, serial_shops,
          nicolae_shop_waterfront, minmay_box_of_dots
D:2:      minmay_recursive_quarters, layout_basic, serial_curves,
          eino_curves_02, eino_curves_04, eino_curves_03, eino_curves_03,
          dreamdust_ecumenical_altar_angels_and_demons, grunt_decor_mini_mirrors
D:3:      layout_basic, ebering_ghost_sewer_f, uniq_ijyb
D:4:      layout_cave_pods, minmay_diced_spiral
D:5:      wad_river_or_something, layout_basic,
          minmay_temple_entry_proselytizer, minmay_mini_ossuary,
          uniq_blork_the_orc
D:6:      layout_rooms, portal_sewer_entry_f, roderic_batcave, minmay_pentangle
D:7:      layout_basic, grunt_temple_overflow_open,
          lemuel_zombie_altar_kikubaaqudgha, evilmike_ruin_ashenzari,
          kennysheep_generic_room_12
D:8:      layout_basic
D:9:      layout_basic, nicolae_titane, uniq_grum, uniq_amaemon
D:11:     layout_basic, erik_lair_island, chequers_serial_rivers_micro_e
Temple:   hellmonk_temple_flake
Lair:1:   layout_gridlike, grunt_megastairs_3, serial_bayou_shore_a
Lair:2:   layout_roguey, swamp_mist_pool, grunt_megastairs_4
Lair:3:   layout_cave_pods, hellmonk_spider_entry_not_the_bees,
          grunt_megastairs_1
Lair:4:   layout_small_grid, minmay_slime_entry_jelly_boxes, enter_volcano_3
Volcano:  volcano_grotto [vgs_dualism]

Skill      XL: |  1  2  3  4  5  6  7  8  9 10 11 12 13 |
---------------+----------------------------------------+-----
Fire Magic     | 4 5 6 8 9 10 11 13 15 16 | 16.4
Spellcasting   | 3 4 6 8 10 12 14 15 | 15.7
Conjurations   | 2 3 4 5 6 7 8 |  8.2
Dodging        | 3 4 5 6 7 |  7.1
Necromancy     | 2 |  2.8
Ice Magic      | 1 2 3 4 |  4.4
Evocations     | 1 2 |  2.0
Fighting       | 2 3 |  3.8
Shields        | 2 |  2.9
Staves         | |  0.2
Stealth        | |  1.4

Action                   |  1- 3 |  4- 6 |  7- 9 | 10-12 | 13-15 || total
-------------------------+-------+-------+-------+-------+-------++-------
Melee: Unarmed           |     4 |    13 |    20 |       |       ||    37
       Staff             |       |       |     1 |    26 |     6 ||    33
       Punch             |       |       |     1 |       |       ||     1
 Cast: Foxfire           |    38 |    44 |    39 |    50 |    20 ||   191
       Scorch            |     7 |    32 |    43 |    92 |    28 ||   202
       Searing Ray       |       |     8 |     6 |       |       ||    14
       Flame Wave        |       |     7 |    14 |    44 |    10 ||    75
       Vampiric Draining |       |       |     2 |     3 |     5 ||    10
       Frozen Ramparts   |       |       |       |     8 |    14 ||    22
       Irradiate         |       |       |       |       |     2 ||     2
       Olgreb's Toxic Ra |       |       |       |       |     1 ||     1
Evoke: Wand              |       |       |       |       |     8 ||     8
  Use: Scroll            |       |     7 |     5 |    17 |     1 ||    30
       Potion            |       |     2 |     1 |       |     1 ||     4
Armor: Robe              |     4 |    21 |    33 |    47 |    10 ||   115
       Skin              |       |     4 |       |       |       ||     4
Dodge: Dodged            |    14 |    48 |   115 |   162 |    58 ||   397
       Repelled          |       |       |       |     1 |     6 ||     7
Block: Buckler           |       |       |       |    35 |    19 ||    54
